 Dungeon Crawl Stone Soup version 0.29-a0-82-g837932c90e (webtiles) character file.

Game seed: 5899424953608741267

745982 HallandMoats the Axe Maniac (level 27, 0/172 (271) HPs)
             Began as a Minotaur Monk on Feb 4, 2022.
             Was a High Priest of Okawaru.
             Slain by a fire giant (9 damage)
             ... in the Arena.
             The game lasted 03:16:51 (70981 turns).

HallandMoats the Axe Maniac (Minotaur Monk)        Turns: 70981, Time: 03:16:52

HP:   0/172 (271)   AC: 48    Str: 26 (31) XL:     27
MP:   25/37         EV: 27    Int:  6 (9)  God:    Okawaru [*****.]
Gold: 5367          SH: 23    Dex: 23 (27) Spells: 41/49 levels left

rFire   + + +      SeeInvis +   b - +9 broad axe (flame)
rCold   + . .      Faith    .   S - +2 shield of Resistance {rF++ rC++ Will++}
rNeg    + + +      Spirit   .   a - +7 gold dragon scales "Pafuq" {rPois rF+ rC+ Regen+ Int+2 Dex+4}
rPois   +          Reflect  .   (helmet restricted)
rElec   +          Harm     +   n - +1 cloak of Starlight {*Dazzle EV+4 Stlth--}
rCorr   .          Rampage  .   i - +5 pair of gloves "Olaumawn" {Harm rF+ rC- Regen+}
Will    +++++      Rage     3%  C - +2 pair of boots of Valiance {Fly Str+3 SInv}
Stlth   ..........              J - amulet "Wiconet" {rF+ Regen+ Str+6 SInv}
HPRegen 2.78/turn               j - ring "Oditytum" {Fire rElec rN++ Slay-4 SInv}
MPRegen 0.25/turn               w - ring "Ileonaoc" {rN+ Will++}

@: heroic, finesse-ful, flying, very heavily drained, duelling
A: horns 2, retaliatory headbutt, large bone plates 1, berserk 2, strong 1
}: 4/15 runes: barnacled, slimy, silver, gossamer
a: Renounce Religion, Heroism, Finesse, Duel


You were in the Arena.
You worshipped Okawaru.
Okawaru was extremely pleased with you.
You visited 14 branches of the dungeon, and saw 64 of its levels.
You visited 1 ziggurat, and saw 17 of its levels.
You also visited: Ice Cave and Desolation.

You collected 10603 gold pieces.
You spent 5236 gold pieces at shops.

Inventory:

Hand Weapons
 b - a +9 broad axe of flaming (weapon)
 P - the +14 obsidian axe {vorpal, Mesm Drain Fly SInv}
   (You found it on level 3 of the Elven Halls)

   It inflicts extra damage upon your enemies.
   It occasionally summons demons to assist the wielder when it strikes in
   combat.
   Its wielder is mesmerised by any visible foes.
   It cannot be unequipped while any foes are visible.
   SInv:      It lets you see invisible.
   Fly:       It grants you flight.
   Drain:     It drains your maximum health when unequipped.
Missiles
 O - 8 throwing nets
Armour
 a - the +7 gold dragon scales "Pafuq" (worn) {rPois rF+ rC+ Regen+ Int+2 Dex+4}
   (You found it on level 15 of a ziggurat)

   Int:       It affects your intelligence (+2).
   Dex:       It affects your dexterity (+4).
   rF:        It protects you from fire.
   rC:        It protects you from cold.
   rPois:     It protects you from poison.
   Regen:     It increases your rate of health regeneration.
 i - the +5 pair of gloves "Olaumawn" (worn) {Harm rF+ rC- Regen+}
   (Okawaru gifted it to you on level 6 of a ziggurat)

   rF:        It protects you from fire.
   rC:        It makes you vulnerable to cold.
   Regen:     It increases your rate of health regeneration.
   Harm:      It increases damage dealt and taken.
 n - the +1 cloak of Starlight (worn) {*Dazzle EV+4 Stlth--}
   (You found it on level 6 of a ziggurat)

   It may blind those who miss an attack against the wearer in melee combat.
   EV:        It affects your evasion (+4).
   Stlth:     It makes you much less stealthy.
 r - the +7 gold dragon scales of Saacruo {rPois rF+ rC+ rN+}
   (Okawaru gifted it to you on level 5 of Gehenna)

   rF:        It protects you from fire.
   rC:        It protects you from cold.
   rPois:     It protects you from poison.
   rN:        It protects you from negative energy.
 C - the +2 pair of boots of Valiance (worn) {Fly Str+3 SInv}
   (Okawaru gifted it to you on level 8 of the Dungeon)

   Str:       It affects your strength (+3).
   SInv:      It lets you see invisible.
   Fly:       It grants you flight.
 D - a scarf of resistance
 N - the +3 faerie dragon scales {rPois rN+ rCorr Str+4 Int-3}
   (You took it off the Enchantress on level 2 of the Depths)

   Str:       It affects your strength (+4).
   Int:       It affects your intelligence (-3).
   rPois:     It protects you from poison.
   rN:        It protects you from negative energy.
   rCorr:     It protects you from acid and corrosion.
 S - the +2 shield of Resistance (worn) {rF++ rC++ Will++}
   (You acquired it on level 1 of the Orcish Mines)

   rF:        It greatly protects you from fire.
   rC:        It greatly protects you from cold.
   Will:      It greatly increases your willpower.
 V - the +4 moon troll leather armour {Spirit, Regen++ MP+5}
   (You found it on level 11 of a ziggurat)

   MP:        It affects your magic capacity (+5).
   Regen:     It increases your rate of health regeneration.
 W - a +2 cloak of preservation
Jewellery
 j - the ring "Oditytum" (left hand) {Fire rElec rN++ Slay-4 SInv}
   (You found it on level 4 of the Shoals)

   [ring of fire]

   It enhances your fire magic.
   Slay:      It affects your accuracy & damage with ranged weapons and melee
   (-4).
   rF:        It protects you from fire.
   rC:        It makes you vulnerable to cold.
   rElec:     It insulates you from electricity.
   rN:        It greatly protects you from negative energy.
   SInv:      It lets you see invisible.
 p - the amulet of Vitality {Regen+ HP+15}
   (You found it on level 5 of the Pits of Slime)

   [amulet of regeneration]

   HP:        It affects your health (+15).
   Regen:     It increases your rate of health regeneration.
 q - an amulet of guardian spirit
 t - the ring of Waggadac {Fly rC+ Str+4}
   (You found it on level 12 of a ziggurat)

   [ring of flight]

   Str:       It affects your strength (+4).
   rC:        It protects you from cold.
   Fly:       It grants you flight.
 w - the ring "Ileonaoc" (right hand) {rN+ Will++}
   (You found it on level 8 of a ziggurat)

   [ring of positive energy]

   rN:        It protects you from negative energy.
   Will:      It greatly increases your willpower.
 E - a +4 ring of slaying
 J - the amulet "Wiconet" (around neck) {rF+ Regen+ Str+6 SInv}
   (You bought it in a shop on level 12 of the Dungeon)

   [amulet of regeneration]

   Str:       It affects your strength (+6).
   rF:        It protects you from fire.
   SInv:      It lets you see invisible.
   Regen:     It increases your rate of health regeneration.
 Q - the ring of Peari {rCorr Str+7}
   (You found it on level 5 of the Pits of Slime)

   [ring of resist corrosion]

   Str:       It affects your strength (+7).
   rCorr:     It protects you from acid and corrosion.
Wands
 e - a wand of acid (5)
 o - a wand of paralysis (4)
 x - a wand of digging (5)
 B - a wand of iceblast (37)
 I - a wand of mindburst (12)
Scrolls
 c - 9 scrolls of fear
 d - a scroll of holy word
 f - 30 scrolls of teleportation
 g - 5 scrolls of immolation
 m - 13 scrolls of enchant armour
 v - 11 scrolls of fog
 A - 9 scrolls of magic mapping
 F - 4 scrolls of enchant weapon
 G - 10 scrolls of amnesia
 M - 5 scrolls of blinking
 Y - 3 scrolls of silence
Potions
 h - 11 potions of brilliance
 k - a potion of might
 l - 2 potions of heal wounds
 s - 5 potions of magic
 z - a potion of haste
 H - 3 potions of berserk rage
 R - 4 potions of cancellation
 U - 11 potions of lignification
Miscellaneous
 X - a condenser vane


   Skills:
 + Level 26.9(27) Fighting
 O Level 27 Axes
 - Level 2.6(23.2) Maces & Flails
 - Level 4.1(23.4) Polearms
 + Level 25.6(27) Armour
 + Level 22.4(27) Dodging
 - Level 2.1(7.1) Stealth
 + Level 16.0(21.0) Shields
 * Level 11.9 Spellcasting
 * Level 14.0 Transmutations
 * Level 9.3 Earth Magic
 - Level 14.9 Invocations
 - Level 9.5 Evocations


You had 41 spell levels left.
You knew the following spells:

 Your Spells              Type           Power      Damage    Failure   Level
a - Wereblood             Tmut           20%        N/A       1%          2
b - Statue Form           Tmut/Erth      11%        N/A       85%         6

Your spell library contained the following spells:

 Spells                   Type           Power      Damage    Failure   Level
 Beastly Appendage        Tmut           40%        N/A       1%          1
 Petrify                  Tmut/Erth      17%        N/A       11%         4
 Blade Hands              Tmut           10%        N/A       11%         5
 Spider Form              Tmut/Pois      12%        N/A       22%         3
 Stone Arrow              Conj/Erth      18%        3d8       50%         3
 Lee's Rapid Deconstruct  Erth           7%         3d7*      58%         5
 Apportation              Tloc           6%         N/A       78%         1
 Foxfire                  Conj/Fire      20%        2x1d5     78%         1
 Magic Dart               Conj           12%        1d3       78%         1
 Shock                    Conj/Air       12%        1d3       78%         1
 Slow                     Hex            12%        N/A       78%         1
 Leda's Liquefaction      Hex/Erth       4%         N/A       88%         4
 Blink                    Tloc           6%         N/A       89%         2
 Corpse Rot               Necr/Air       6%         N/A       89%         2
 Scorch                   Fire           10%        2d5       89%         2
 Searing Ray              Conj           6%         2d4       89%         2
 Static Discharge         Conj/Air       3%         N/A       89%         2
 Sublimation of Blood     Necr           3%         N/A       89%         2
 Alistair's Intoxication  Tmut/Pois      8%         N/A       89%         5
 Irradiate                Conj/Tmut      6%         3d16      89%         5
 Confusing Touch          Hex            3%         N/A       98%         3
 Conjure Flame            Conj/Fire      5%         6-21      98%         3
 Dazzling Flash           Conj/Hex       6%         N/A       98%         3
 Mephitic Cloud           Conj/Pois/Air  3%         N/A       98%         3
 Ozocubu's Armour         Ice            3%         N/A       98%         3
 Portal Projectile        Hex/Tloc       6%         N/A       98%         3
 Swiftness                Air            3%         N/A       98%         3
 Vampiric Draining        Necr           3%         2d6       98%         3
 Dragon Form              Tmut           10%        N/A       98%         7
 Borgnjor's Vile Clutch   Necr/Erth      4%         N/A       99%         5
 Airstrike                Air            1%         N/A       100%        4
 Anguish                  Hex/Necr       1%         N/A       100%        4
 Dispel Undead            Necr           3%         3d7       100%        4
 Flame Wave               Conj/Fire      5%         2d5       100%        4
 Fulminant Prism          Conj/Hex       1%         3d6       100%        4
 Iskenderun's Mystic Bla  Conj/Tloc      3%         2d3       100%        4
 Sticky Flame             Conj/Fire      5%         2d3       100%        4
 Agony                    Necr           3%         N/A       100%        5
 Fireball                 Conj/Fire      2%         3d4       100%        5
 Freezing Cloud           Conj/Ice/Air   1%         6-21      100%        5
 Iskenderun's Battlesphe  Conj           3%         2d6       100%        5
 Lightning Bolt           Conj/Air       1%         1d12      100%        5
 Manifold Assault         Tloc           3%         N/A       100%        5
 Metabolic Englaciation   Hex/Ice        1%         N/A       100%        5
 Silence                  Hex/Air        1%         N/A       100%        5
 Conjure Ball Lightning   Conj/Air       1%         3x3d6     100%        6
 Dispersal                Tloc           1%         N/A       100%        6
 Eringya's Noxious Bog    Tmut/Pois      6%         N/A       100%        6
 Iron Shot                Conj/Erth      4%         9d2       100%        6
 Starburst                Conj/Fire      2%         6d3       100%        6
 Enfeeble                 Hex            1%         N/A       100%        7
 Orb of Destruction       Conj           1%         9d5       100%        7
 Storm Form               Tmut/Air       6%         N/A       100%        7
 Lehudib's Crystal Spear  Conj/Erth      4%         10d3      100%        8
 Maxwell's Capacitive Co  Air            1%         ∞         100%        8
 Necromutation            Tmut/Necr      6%         N/A       100%        8
 Chain Lightning          Conj/Air       1%         3d2       100%        9
 Fire Storm               Conj/Fire      2%         8d1       100%        9
 Polar Vortex             Ice            1%         N/A       100%        9
 Shatter                  Erth           7%         3d9*      100%        9
 Animate Skeleton         Necr           Unusable   N/A       N/A         1
 Summon Small Mammal      Summ           Unusable   N/A       N/A         1
 Animate Armour           Summ/Erth      Unusable   N/A       N/A         4
 Call Imp                 Summ           Unusable   N/A       N/A         2
 Call Canine Familiar     Summ           Unusable   N/A       N/A         3
 Summon Guardian Golem    Hex/Summ       Unusable   N/A       N/A         3
 Tukima's Dance           Hex            Unusable   N/A       N/A         3
 Summon Forest            Summ/Tloc      Unusable   N/A       N/A         5
 Death Channel            Necr           Unusable   N/A       N/A         6
 Simulacrum               Ice/Necr       Unusable   N/A       N/A         6
 Summon Cactus Giant      Summ           Unusable   N/A       N/A         6
 Spellforged Servitor     Conj/Summ      Unusable   N/A       N/A         7
 Summon Hydra             Summ           Unusable   N/A       N/A         7
 Infestation              Necr           Unusable   N/A       N/A         8

Dungeon Overview and Level Annotations

Branches:
Dungeon (15/15)            Temple (1/1) D:4            Lair (6/6) D:8
 Shoals (4/4) Lair:4       Spider (4/4) Lair:3        Slime (5/5) Lair:5
    Orc (2/2) D:12            Elf (3/3) Orc:2        Vaults (5/5) D:14
  Crypt (3/3) Vaults:2       Tomb (0/3) Crypt:3      Depths (4/4) D:15
   Hell (visited)             Dis (0/7) Hell            Geh (6/7) Hell
    Coc (0/7) Hell            Tar (0/7) Hell            Zot (5/5) Depths:4
  IceCv (visited)         Desolation (visited)

Altars:
Ashenzari
Cheibriados
Dithmenos
Elyvilon
Fedhas
Gozag
Hepliaklqana
Kikubaaqudgha
Makhleb
Nemelex Xobeh
Okawaru
Qazlal
Ru
Sif Muna
Trog
Uskayaw
Vehumet
Wu Jian
Xom
Yredelemnul
Zin
The Shining One
Beogh
Lugonu

Shops:
D:1 (   D:2 (   D:3 (=   D:12 =   Orc:1 *   Orc:2 ![**[   Elf:1 ??(=(   Elf:3 =
Shoals:2 [   Vaults:1 ?   Vaults:5 [

Portals:
Hell: Depths:1 Depths:2 Depths:3 Depths:4
Abyss: Elf:1 Depths:2 Depths:3
Pandemonium: Depths:2 Depths:3


Innate Abilities, Weirdness & Mutations

You have a pair of horns on your head.
You reflexively headbutt those who attack you in melee.
You are partially covered in large bone plates. (SH +4)
You often lose your temper in combat.
Your muscles are strong. (Str +2)


Message History

You block the frost giant's attack.
You hit the frost giant. You burn the frost giant.
The frost giant is severely wounded.
You slice the titan!! You burn the titan!
You kill the titan!
Okawaru accepts your kill.
The fire giant points at you and mumbles some strange words.
The bolt of fire hits you. You resist.
* * * LOW HITPOINT WARNING * * *
You feel the corruption within you wane completely.
You feel agile.
Your Transmutations skill increases to level 14!
Unknown command.
You hit the frost giant. You burn the frost giant.
The frost giant is almost dead.
You slice the frost giant!! You burn the frost giant.
You kill the frost giant!
Okawaru accepts your kill.
The iron giant fires a harpoon shot at you.
The harpoon shot hits you!
* * * LOW HITPOINT WARNING * * *
You are yanked forward by the harpoon shot.
A frost giant comes into view.
It is wielding a +1 battleaxe of freezing.
You block the tainted leviathan's attack.
The tainted leviathan completely misses you.
You block the fire giant's attack.
Aiming: Duel (1% risk of failure)
Press: ? - help, Dir - move target, f - fire giant
Aim: a fire giant, wielding a +0 great sword of flaming (lightly wounded)
You enter into single combat with the fire giant!
The world spins around you as you enter the gateway.
You enter Okawaru's Arena!
The spectator shouts! x13
Found a gate leading back out of this place.
There is an empty arch of ancient stone here.
You slash the fire giant! You headbutt the fire giant!
The fire giant is moderately wounded.
The fire giant hits you with a +0 great sword of flaming!
You die...
Okawaru crowns the fire giant victorious!

###########
#p.p.p.p.p#
#.▓▓▓▓▓▓▓.#
#p▓.....▓p#
#▓▓..C..▓.#
#∩▓..@..▓p#
#▓▓.....▓.#
#p▓.....▓p#
#.▓▓▓▓▓▓▓.#
#p.p.p.p.p#
###########


You could see a fire giant.

Vanquished Creatures
  the Royal Jelly (Slime:5)
  The ghost of Motirgh the Ruinous, a legendary DgWz (Zig:14)
  3 dread liches
  3 pandemonium lords (Zig:11)
  3 ancient liches
  9 orbs of fire
  The ghost of sleeves the Metallomancer, a legendary HuEE of Vehumet (Zig:14)
  The ghost of badtown22 the Cryomancer, a master DgIE (Zig:14)
  The ghost of Denobboc the Imperceptible, a legendary OpMo of Jiyva (Zig:14)
  3 juggernauts
  9 royal mummies
  Bai Suzhen (Vaults:3)
  5 Killer Klowns
  Geryon (Hell)
  A curse toe (Zot:1)
  5 caustic shrikes
  7 golden dragons
  the Enchantress (Depths:2)
  4 bone dragons
  Arachne (Spider:2)
  A Tzitzimitl (Depths:1)
  2 doom hounds (Depths:1)
  4 Brimstone Fiends
  A hellephant (Zig:10)
  7 electric golems
  14 tentacled monstrosities
  6 searing wretches
  A tainted leviathan (Geh:6)
  2 walking earthen tomes
  25 Orb Guardians (Zot:5)
  2 liches
  3 deep elf blademasters
  6 quicksilver dragons
  Asterion (Depths:2)
  The ghost of snarfax the Executioner, an adept HOFi of Beogh (Shoals:4)
  3 deep elf master archers (Elf:3)
  7 titans
  3 krakens
  7 sphinxes
  2 ancient champions
  Gastronok (D:10)
  23 acid blobs
  Agnes (Spider:4)
  A sphinx (shapeshifter) (Depths:3)
  5 death cobs
  14 shadow dragons
  13 storm dragons
  4 draconian monks
  12 tengu reavers
  15 rockslimes
  A fenstrider witch (shapeshifter) (Zig:11)
  A revenant (Crypt:1)
  Donald (Elf:1)
  11 fire giants
  A fire giant (shapeshifter) (Zig:11)
  13 balrugs
  A nagaraja (Zig:9)
  77 slime creatures
  11 draconian knights
  20 vault wardens
  9 deep elf sorcerers
  9 azure jellies
  8 ghost moths
  An iron dragon (Vaults:5)
  15 draconian scorchers
  13 frost giants
  6 emperor scorpions
  12 draconian shifters
  2 imperial myrmidons (Desolation)
  6 deep elf elementalists (Elf:3)
  3 curse skulls
  5 ghouls
  10 draconian annihilators
  A spectral juggernaut (Crypt:3)
  14 draconian stormcallers
  7 reapers
  A juggernaut zombie (Zig:17)
  A spectral caustic shrike (Crypt:3)
  19 ironbound preservers
  The ghost of Halef the Spry, an adept SpAK of Lugonu (Depths:2)
  5 spriggan defenders (Depths:2)
  11 stone giants
  14 quicksilver oozes
  5 ironbound thunderhulks
  2 broodmothers
  A juggernaut skeleton (Zig:17)
  9 war gargoyles
  21 very ugly things
  2 putrid mouths (Depths:1)
  17 black draconians
  4 bennus
  9 deep elf demonologists
  15 green draconians
  A lorocyproca (Depths:1)
  10 purple draconians
  3 entropy weavers
  10 deep elf annihilators
  2 halazid warlocks (Desolation)
  A vampire knight (Crypt:2)
  9 red draconians
  13 yellow draconians
  8 ettins
  12 white draconians
  5 dire elephants
  2 spark wasps
  3 crystal guardians
  5 merfolk javelineers (Shoals:4)
  4 deep elf death magi
  11 eidola
  A spectral quicksilver dragon (Crypt:3)
  2 blizzard demons (Hell)
  A fire dragon (shapeshifter) (Vaults:5)
  A spectral spriggan (Crypt:3)
  6 jiangshi
  An iron golem (Depths:1)
  17 fire dragons
  15 great orbs of eyes
  11 yaktaur captains
  6 merfolk impalers
  12 mummy priests
  A great orb of eyes (shapeshifter) (Depths:3)
  7 ragged hierophants (Desolation)
  11 salamander tyrants
  Harold (Lair:2)
  4 rakshasas
  4 deep elf high priests
  Fannar (D:12)
  36 vault guards
  A hell beast (Elf:2)
  7 ice dragons
  3 servants of whispers (Desolation)
  8 spriggan air magi
  3 boulder beetles
  17 centaur warriors
  2 merfolk avatars
  8 peacekeepers
  Erica (Lair:2)
  3 death knights
  6 ogre magi
  A radroach (Spider:4)
  3 stokers
  18 hydras
  8 ironbound frosthearts
  5 jorogumos
  A spectral stone giant (Crypt:3)
  A catoblepas (D:13)
  7 merfolk aquamancers
  17 two-headed ogres
  2 alligator snapping turtles (Shoals:3)
  4 satyrs
  10 death yaks
  39 dancing weapons
  3 tengu warriors
  4 deep troll earth magi
  4 vampire magi
  17 hell hogs
  6 spriggan berserkers (Depths:2)
  2 spectral storm dragons (Crypt:3)
  9 hell knights
  14 sun demons
  5 shock serpents
  Nergalle (Lair:2)
  A crystal echidna (Hell)
  8 soul eaters
  15 deep elf knights
  3 salamander mystics
  7 shadow wraiths
  4 sun moths
  A goliath frog (Lair:6)
  A storm dragon skeleton (Crypt:3)
  4 iron trolls
  5 pharaoh ants
  2 fire crabs (Zig:8)
  An iron giant zombie (Crypt:2)
  15 skeletal warriors
  17 sea snakes
  46 deep trolls
  19 orb spiders
  A spectral hydra (Crypt:3)
  A swamp dragon (Zot:3)
  A sea snake (shapeshifter) (Depths:3)
  7 flayed ghosts
  7 steelbarb worms
  A bog body (Crypt:3)
  A bunyip skeleton (Crypt:2)
  An orb spider (shapeshifter) (Depths:3)
  11 wizards
  5 orange crystal statues
  6 glowing orange brains
  A spectral iron dragon (Crypt:3)
  13 deep elf archers
  34 harpies
  A sphinx zombie (Zig:7)
  18 ironbound convokers
  4 orc knights
  7 obsidian statues
  12 lindwurms (Vaults:1)
  13 phantasmal warriors
  39 deep elf pyromancers
  30 deep elf zephyrmancers
  5 orc sorcerers
  A fire giant zombie (Zig:5)
  A wolf spider (shapeshifter) (Depths:3)
  8 fauns
  22 wolf spiders
  7 necromancers
  A faun (shapeshifter) (Vaults:4)
  8 shining eyes
  4 cyclopes
  3 cyclopes (shapeshifter)
  A jorogumo skeleton (Crypt:3)
  9 salamanders
  45 ugly things
  29 moths of wrath
  2 moths of wrath (shapeshifter)
  2 spectral ettins (Crypt:3)
  20 elephants
  9 merfolk sirens
  14 vault sentinels
  14 water nymphs
  32 manticores
  A water nymph (shapeshifter) (Depths:3)
  A guardian serpent (Desolation)
  6 ice statues
  3 eyes of devastation
  A gargoyle (D:14)
  9 torpor snails
  27 cane toads
  2 yaktaur zombies (Vaults:1)
  6 molten gargoyles
  9 black mambas
  2 spectral centaurs (Crypt:3)
  A naga mage (Zig:9)
  A yellow draconian zombie (Crypt:2)
  6 smoke demons
  A minotaur zombie (Crypt:3)
  3 large abominations (Elf:1)
  A cane toad (shapeshifter) (Elf:3)
  9 rime drakes
  A shock serpent skeleton (Crypt:3)
  2 death yak zombies (Crypt:1)
  A dire elephant skeleton (Crypt:2)
  6 demonic crawlers
  A komodo dragon (shapeshifter) (Elf:3)
  13 komodo dragons
  25 yaktaurs
  Maggie (D:8)
  A sea snake zombie (Hell)
  3 tormentors
  2 ice devils (Depths:1)
  12 tengu conjurers
  21 freezing wraiths
  2 hellions
  An efreet (D:14)
  A red devil (Hell)
  Psyche (D:8)
  2 hydra zombies
  3 sea snake skeletons
  6 trolls
  20 merfolk
  14 guardian mummies
  A red draconian skeleton (Crypt:2)
  A spectral harpy (Crypt:3)
  37 tarantellas
  8 meliai
  3 hornets
  6 polar bears
  8 wind drakes
  7 dream sheep
  A raiju (Zig:4)
  3 tyrant leeches (Lair:6)
  29 blink frogs
  36 saltlings (Desolation)
  13 snapping turtles
  3 hydra skeletons (Hell)
  A tarantella zombie (Crypt:3)
  A spectral black mamba (Crypt:3)
  An alligator skeleton (Hell)
  2 centaur simulacra (Crypt:3)
  A fire dragon skeleton (Crypt:3)
  4 shadows
  24 jumping spiders
  7 air elementals
  24 culicivoras
  20 flying skulls
  4 wraiths
  2 vampires
  22 water elementals
  6 ushabtiu
  43 yaks
  A wyvern (Lair:5)
  A human (D:14)
  Eustachio (D:5)
  5 chaos spawn (Zig:11)
  17 fire elementals
  4 golden eyes (Slime:1)
  A hog (shapeshifter) (Depths:3)
  3 basilisks
  A black mamba skeleton (Crypt:1)
  A merfolk zombie (Crypt:1)
  A steam dragon (D:7)
  An elf skeleton (Vaults:1)
  42 redbacks
  11 vampire mosquitoes
  A swamp worm (shapeshifter) (Depths:1)
  4 wargs
  4 hell hounds
  Edmund (D:5)
  2 acid dragons
  A floating eye (Depths:2)
  15 water moccasins
  A hornet zombie (D:6)
  29 orc warriors
  2 black bears (D:8)
  A deep troll simulacrum (Vaults:2)
  A sky beast (D:6)
  An ice beast (shapeshifter) (Depths:3)
  An ice beast (D:7)
  A necrophage (Crypt:2)
  An ettin simulacrum (Vaults:1)
  26 ogres
  An ice dragon simulacrum (Crypt:3)
  A blink frog skeleton (Crypt:3)
  An ogre (shapeshifter) (Depths:3)
  33 wolves
  8 boggarts
  An orc zombie (Vaults:1)
  5 centaurs
  A hog zombie (Crypt:1)
  2 phantoms
  5 elf zombies (Elf:1)
  3 kobold brigands
  23 bullfrogs
  2 gnoll sergeants
  Blork the orc (D:5)
  A water moccasin zombie (D:7)
  14 earth elementals
  2 water moccasin skeletons (D:6)
  A polar bear zombie (Crypt:2)
  5 wights
  16 killer bees
  A howler monkey (D:7)
  16 electric eels
  2 lava snakes (D:13)
  4 centaur zombies
  3 hounds
  26 jellies
  17 orc priests
  A gnoll shaman (D:7)
  A centaur skeleton (D:4)
  2 bullfrog skeletons
  2 iguanas
  A scorpion zombie (Crypt:3)
  20 orc wizards
  11 hell rats
  A demigod zombie (Crypt:1)
  A felid zombie (Crypt:1)
  A naga skeleton (Crypt:2)
  24 mummies
  2 howler monkey zombies
  12 gnolls
  9 adders
  A shadow imp (D:8)
  A lava snake zombie (Crypt:2)
  An adder skeleton (Crypt:2)
  2 worms (D:2)
  4 dart slugs
  74 orcs
  10 endoplasms
  2 giant cockroaches
  4 goblins
  5 hobgoblins
  19 kobolds
  7 quokkas
  4 ball pythons
  10 bats
  5 frilled lizards
  A kobold skeleton (Crypt:2)
  A quokka zombie (D:3)
  10 rats
  A rat zombie (Crypt:3)
  A creeping inferno (Geh:1)
  32 fire vortices
  A lurking horror (Elf:1)
  7 tentacles
2934 creatures vanquished.

Vanquished Creatures (others)
  The ghost of BoringLoser the Acrobat, a veteran TeAE of Ru (Zig:14)
  A lich (Depths:2)
  4 shadow dragons (Zig:14)
  A revenant (Zig:14)
  A frost giant (Depths:4)
  A spriggan defender (Depths:2)
  A very ugly thing (Depths:3)
  A demonspawn black sun (Zig:14)
  A blizzard demon (Hell)
  A deep elf death mage (Zig:14)
  A ragged hierophant (Desolation)
  A ghost crab (Zig:14)
  A soul eater (Zig:14)
  An orange crystal statue (Zig:14)
  A glowing orange brain (Depths:3)
  2 orb spiders
  2 deep elf zephyrmancers (Elf:2)
  A moth of wrath (Zot:1)
  A culicivora (Spider:4)
  A vampire mosquito (D:13)
  A redback (Spider:2)
  2 orcs
  12 ball lightnings (Depths:3)
  A creeping inferno (Geh:4)
  2 fire vortices
  31 fungi
  173 plants
  13 tentacles
260 creatures vanquished.

Grand Total: 3194 creatures vanquished

Notes
Turn   | Place    | Note
-------+----------+-------------------------------------------
     0 | D:1      | HallandMoats the Minotaur Monk began the quest for the Orb.
     0 | D:1      | Reached XP level 1. HP: 19/19 MP: 0/0
    62 | D:1      | Reached XP level 2. HP: 21/27 MP: 1/1
   144 | D:1      | Found Asijeuw's Antique Weapon Shop.
   628 | D:1      | Reached XP level 3. HP: 31/33 MP: 2/2
   920 | D:2      | Found Rainox's Antique Weapon Boutique.
  1295 | D:2      | Reached skill level 1 in Maces & Flails
  1295 | D:2      | Reached skill level 1 in Armour
  1295 | D:2      | Reached XP level 4. HP: 40/40 MP: 3/3
  1307 | D:2      | You fall into a shaft and drop 2 floors!
  1426 | D:4      | Found a hide-covered altar of Uskayaw.
  1930 | D:3      | Reached XP level 5. HP: 26/47 MP: 4/4
  2026 | D:3      | Reached skill level 5 in Fighting
  2244 | D:3      | Found Yvoecaom's Weapon Shop.
  2417 | D:3      | Found Tasir's Jewellery Shoppe.
  3043 | D:4      | Reached XP level 6. HP: 56/56 MP: 5/5
  3116 | D:4      | Reached skill level 1 in Axes
  3264 | D:4      | Found a staircase to the Ecumenical Temple.
  3354 | Temple   | Entered the Ecumenical Temple
  3693 | Temple   | Became a worshipper of Warmaster Okawaru
  3693 | Temple   | Reached * piety under Okawaru
  3693 | Temple   | Reached ** piety under Okawaru
  3769 | D:4      | Reached skill level 2 in Axes
  3791 | D:5      | Entered Level 5 of the Dungeon
  3814 | D:5      | HP: 2/56 [ogre (12)]
  3874 | D:5      | Reached skill level 5 in Dodging
  3882 | D:5      | Reached skill level 3 in Axes
  3882 | D:5      | Reached XP level 7. HP: 25/61 MP: 6/6
  3930 | D:5      | Noticed Edmund
  3961 | D:5      | Killed Edmund
  4065 | D:5      | Noticed Blork the orc
  4070 | D:5      | Noticed Eustachio
  4071 | D:5      | Killed Blork the orc
  4148 | D:5      | Reached skill level 4 in Axes
  4227 | D:5      | Killed Eustachio
  4227 | D:5      | Reached *** piety under Okawaru
  4427 | D:5      | Reached skill level 5 in Axes
  4433 | D:5      | Reached XP level 8. HP: 50/71 MP: 7/7
  4450 | D:5      | Reached skill level 5 in Armour
  4525 | D:5      | Reached skill level 6 in Axes
  4622 | D:4      | Reached skill level 1 in Invocations
  5118 | D:6      | Reached **** piety under Okawaru
  5212 | D:6      | Reached skill level 7 in Axes
  5215 | D:6      | Reached XP level 9. HP: 73/79 MP: 9/9
  5302 | D:6      | Noticed a troll
  5314 | D:6      | Killed a troll
  5659 | D:7      | Reached skill level 8 in Axes
  5691 | D:7      | Reached ***** piety under Okawaru
  6497 | D:8      | Found a staircase to the Lair.
  6497 | D:8      | Noticed an elephant
  6507 | D:8      | Reached skill level 9 in Axes
  6551 | D:8      | Noticed Psyche
  6556 | D:8      | Killed an elephant
  6556 | D:8      | Identified the +2 pair of boots of Valiance {Fly Str+3
                  | SInv} (Okawaru gifted it to you on level 8 of the Dungeon)
  6556 | D:8      | Received a gift from Okawaru
  6557 | D:8      | Reached XP level 10. HP: 66/90 MP: 12/12
  6756 | D:8      | Killed Psyche
  7134 | D:8      | Noticed a two-headed ogre
  7137 | D:8      | Noticed Maggie
  7154 | D:8      | Killed a two-headed ogre
  7180 | D:8      | Reached skill level 10 in Axes
  7180 | D:8      | Killed Maggie
  7661 | D:9      | Paralysed by a hornet for 2 turns
  7804 | D:9      | Reached skill level 5 in Invocations
  8036 | D:9      | Noticed a manticore
  8039 | D:9      | Killed a manticore
  8425 | D:10     | Entered Level 10 of the Dungeon
  8504 | D:10     | Reached skill level 11 in Axes
  8837 | D:10     | Reached XP level 11. HP: 95/97 MP: 14/14
  9243 | D:10     | Noticed Gastronok
  9259 | D:10     | Killed Gastronok
  9463 | D:11     | Gained mutation: You have large cloven feet. [potion of
                  | mutation]
  9463 | D:11     | Gained mutation: You have a pair of large horns on your
                  | head. [potion of mutation]
 10003 | D:12     | Reached skill level 10 in Fighting
 10003 | D:12     | Reached skill level 12 in Axes
 10050 | D:12     | Found a staircase to the Orcish Mines.
 10075 | D:12     | Noticed a two-headed ogre
 10078 | D:12     | Found Tocahex's Jewellery Shoppe.
 10083 | D:12     | Killed a two-headed ogre
 10134 | D:12     | Noticed a four-headed hydra
 10148 | D:12     | Killed an 11-headed hydra
 10173 | D:12     | Noticed a deep elf pyromancer
 10191 | D:12     | Killed a deep elf pyromancer
 10191 | D:12     | Identified the +6 executioner's axe "Muurhisi" {venom,
                  | Contam rPois rCorr Int+5} (Okawaru gifted it to you on
                  | level 12 of the Dungeon)
 10191 | D:12     | Received a gift from Okawaru
 10380 | D:12     | Noticed a purple ugly thing
 10397 | D:12     | Killed a purple ugly thing
 10572 | D:12     | Noticed Fannar
 10592 | D:12     | Killed Fannar
 10694 | D:12     | Noticed a two-headed ogre
 10702 | D:12     | Killed a two-headed ogre
 10702 | D:12     | Received a gift from Okawaru
 10703 | D:12     | Reached skill level 13 in Axes
 10831 | D:13     | Noticed a death knight
 10832 | D:13     | Noticed a skeletal warrior
 10832 | D:13     | Noticed a phantasmal warrior
 10833 | D:13     | Noticed a skeletal warrior
 10847 | D:13     | Reached XP level 12. HP: 108/108 MP: 16/16
 10918 | D:13     | Killed a death knight
 10922 | D:13     | Reached skill level 10 in Dodging
 11061 | D:13     | Reached skill level 10 in Armour
 11323 | D:13     | Noticed a catoblepas
 11333 | D:13     | Killed a catoblepas
 11334 | D:13     | Reached skill level 14 in Axes
 11345 | D:13     | Reached ****** piety under Okawaru
 11347 | D:13     | Noticed an eight-headed hydra
 11670 | D:13     | Killed an eight-headed hydra
 11670 | D:13     | Received a gift from Okawaru
 12199 | D:14     | Noticed a vault guard
 12227 | D:14     | Reached XP level 13. HP: 90/117 MP: 18/18
 12227 | D:14     | Received a gift from Okawaru
 12240 | D:14     | Reached skill level 15 in Axes
 12552 | D:14     | Found a gate to the Vaults.
 12687 | D:14     | Received a gift from Okawaru
 12875 | D:15     | Entered Level 15 of the Dungeon
 13136 | D:15     | Reached skill level 16 in Axes
 13299 | D:15     | Identified the +0 buckler of the Forest {Str-3 Int+6 Slay+2
                  | SInv} (Okawaru gifted it to you on level 15 of the Dungeon)
 13299 | D:15     | Received a gift from Okawaru
 13371 | D:15     | Noticed a fire dragon
 13373 | D:15     | Reached skill level 1 in Shields
 13514 | D:15     | Noticed a fire giant
 13534 | D:15     | Killed a fire giant
 13543 | D:15     | Killed a fire dragon
 13607 | D:15     | Reached XP level 14. HP: 84/127 MP: 20/20
 13886 | D:15     | Found a staircase to the Depths.
 14326 | Lair:1   | Entered Level 1 of the Lair of Beasts
 15173 | D:12     | Bought the amulet "Wiconet" {rF+ Regen+ Str+6 SInv} for 972
                  | gold pieces
 15368 | Lair:2   | Reached skill level 5 in Shields
 15417 | Lair:2   | Noticed Erica
 15423 | Lair:2   | Killed Erica
 15423 | Lair:2   | Received a gift from Okawaru
 15613 | Lair:2   | Noticed Harold
 15627 | Lair:2   | Killed Harold
 16017 | Lair:2   | Noticed Nergalle
 16023 | Lair:2   | Killed Nergalle
 16332 | Lair:3   | Received a gift from Okawaru
 16333 | Lair:3   | Reached skill level 1 in Evocations
 16352 | Lair:3   | Found a frozen archway.
 16374 | IceCv    | Entered an ice cave
 16510 | IceCv    | Noticed a frost giant
 16518 | IceCv    | Reached skill level 10 in Invocations
 16523 | IceCv    | Killed a frost giant
 16891 | Lair:3   | Found a hole to the Spider Nest.
 17001 | Lair:3   | Reached skill level 17 in Axes
 17001 | Lair:3   | Received a gift from Okawaru
 17044 | Lair:3   | Found a blossoming altar of Fedhas.
 17264 | Lair:3   | Reached XP level 15. HP: 137/137 MP: 21/21
 17929 | Lair:4   | Found a staircase to the Shoals.
 18595 | Lair:5   | Found a staircase to the Slime Pits.
 19423 | Lair:6   | Entered Level 6 of the Lair of Beasts
 19471 | Lair:6   | Identified the +1 ring mail of Letiklac {Stlth+} (Okawaru
                  | gifted it to you on level 6 of the Lair of Beasts)
 19471 | Lair:6   | Received a gift from Okawaru
 19498 | Lair:6   | Reached skill level 5 in Evocations
 19968 | Lair:6   | Identified the +10 triple crossbow "Acijery" {penet, rPois
                  | MP+9 Dex-3}
 20260 | Lair:6   | Received a gift from Okawaru
 20260 | Lair:6   | Found the +15 Maxwell's patent armour {-Cast -Tele rElec
                  | Will+ rCorr}
 20619 | Orc:1    | Entered Level 1 of the Orcish Mines
 20619 | Orc:1    | Found a shimmering altar of Xom.
 20639 | Orc:1    | Reached skill level 18 in Axes
 20797 | Orc:1    | Found Coafibut's Assorted Antiques.
 20809 | Orc:1    | Bought a scroll of identify for 46 gold pieces
 20810 | Orc:1    | Identified a scroll of acquirement
 20812 | Orc:1    | Acquired the +2 shield of Resistance {rF++ rC++ Will++}
 20812 | Orc:1    | Found the +2 shield of Resistance {rF++ rC++ Will++}
 21106 | Orc:1    | Bought a fuming black potion for 20 gold pieces
 21106 | Orc:1    | Bought a lumpy pink potion for 20 gold pieces
 21106 | Orc:1    | Bought a potion of haste for 230 gold pieces
 21106 | Orc:1    | Bought a potion of curing for 69 gold pieces
 21121 | Orc:2    | Entered Level 2 of the Orcish Mines
 21142 | Orc:2    | Found Reovuet's Assorted Antiques.
 21173 | Orc:2    | Reached XP level 16. HP: 124/147 MP: 23/23
 21186 | Orc:2    | Reached skill level 15 in Fighting
 21223 | Orc:2    | Found Gocheqimap's Armour Shoppe.
 21223 | Orc:2    | Found Loagall's Antique Armour Boutique.
 21224 | Orc:2    | Found Amul's Distillery.
 21224 | Orc:2    | Found Cimmud's Assorted Antiques.
 21235 | Orc:2    | Bought a potion of heal wounds for 85 gold pieces
 21236 | Orc:2    | Bought a scroll of teleportation for 105 gold pieces
 21246 | Orc:2    | Found a staircase to the Elven Halls.
 21905 | Elf:1    | Entered Level 1 of the Elven Halls
 21922 | Elf:1    | Found Nirhango's Weapon Emporium.
 21922 | Elf:1    | Found Dimupaud's Magic Scroll Shoppe.
 21924 | Elf:1    | Found Jiexer's Magic Scroll Shoppe.
 21928 | Elf:1    | Found Ruhuacw's Jewellery Emporium.
 21953 | Elf:1    | Found Onaelono's Weapon Shop.
 22094 | Elf:1    | Got the Catalogue of Necromancy
 22276 | Elf:1    | Found a corrupted altar of Lugonu.
 22278 | Elf:1    | Found a one-way gate to the infinite horrors of the Abyss.
 22480 | Elf:1    | Noticed Donald
 22494 | Elf:1    | Killed Donald
 22977 | Shoals:1 | Entered Level 1 of the Shoals
 22990 | Shoals:1 | Received a gift from Okawaru
 23007 | Shoals:1 | HP: 6/149 [snapping turtle (17)]
 23516 | Shoals:1 | Noticed a kraken
 23526 | Shoals:1 | Killed a kraken
 24046 | Spider:1 | Entered Level 1 of the Spider Nest
 24507 | Spider:1 | Identified the +0 crystal plate armour of Tomorrow {Harm
                  | *Corrode rElec rPois} (Okawaru gifted it to you on level 1
                  | of the Spider Nest)
 24507 | Spider:1 | Received a gift from Okawaru
 24628 | Spider:1 | Identified the +0 rapier of Oozing Pus {vorpal, *Rage Int+4
                  | SInv Stlth+}
 25659 | Depths:1 | Entered Level 1 of the Depths
 25660 | Depths:1 | You are sucked into a shaft and drop 1 floor!
 25722 | Depths:1 | Reached skill level 10 in Shields
 25862 | Depths:1 | Reached skill level 19 in Axes
 25919 | Depths:1 | Reached XP level 17. HP: 158/158 MP: 24/24
 26300 | Depths:1 | Found a white marble altar of Elyvilon.
 26351 | Depths:1 | Found a gateway to Hell.
 27074 | Shoals:2 | Received a gift from Okawaru
 27196 | Shoals:2 | Found Cewki's Antique Armour Shop.
 28787 | Shoals:3 | Noticed a kraken
 28802 | Shoals:3 | Killed a kraken
 28802 | Shoals:3 | Identified the +0 scale mail of Xuebaos {+Blink} (Okawaru
                  | gifted it to you on level 3 of the Shoals)
 28802 | Shoals:3 | Received a gift from Okawaru
 29298 | Shoals:4 | Entered Level 4 of the Shoals
 29334 | Shoals:4 | Reached skill level 20 in Axes
 29359 | Shoals:4 | Reached skill level 15 in Armour
 29429 | Shoals:4 | Got a barnacled rune of Zot
 29528 | Shoals:4 | Noticed snarfax's ghost (adept HOFi)
 29538 | Shoals:4 | Found a transporter.
 29676 | Shoals:4 | Reached XP level 18. HP: 146/171 MP: 26/26
 29777 | Shoals:4 | Found a transporter.
 30088 | Shoals:4 | Received a gift from Okawaru
 30400 | Shoals:4 | Received a gift from Okawaru
 30627 | Shoals:4 | Identified the ring "Oditytum" {Fire rElec rN++ Slay-4
                  | SInv}
 31054 | Shoals:4 | Killed snarfax's ghost
 31417 | Elf:1    | Bought a scroll of enchant armour for 120 gold pieces
 31417 | Elf:1    | Bought a scroll of brand weapon for 320 gold pieces
 31417 | Elf:1    | Bought a scroll of enchant weapon for 120 gold pieces
 31425 | Elf:1    | Bought a scroll of teleportation for 36 gold pieces
 31425 | Elf:1    | Bought a scroll of enchant weapon for 90 gold pieces
 31425 | Elf:1    | Bought a scroll of blinking for 90 gold pieces
 31425 | Elf:1    | Bought a scroll of enchant weapon for 90 gold pieces
 31467 | Orc:2    | Bought a potion of heal wounds for 85 gold pieces
 31467 | Orc:2    | Bought a potion of haste for 170 gold pieces
 31467 | Orc:2    | Bought a potion of curing for 51 gold pieces
 31467 | Orc:2    | Bought a potion of haste for 170 gold pieces
 31992 | Elf:2    | Identified the +3 ring mail of Wrong Decisions {rF+ Int+6
                  | Dex-2 Slay+2} (Okawaru gifted it to you on level 2 of the
                  | Elven Halls)
 31992 | Elf:2    | Received a gift from Okawaru
 32745 | Elf:2    | Found a huge runed translucent gate.
 32745 | Elf:2    | Found a huge runed translucent gate.
 32745 | Elf:2    | Found a huge runed translucent gate.
 32745 | Elf:2    | Found a huge runed translucent gate.
 32746 | Elf:2    | Found a huge runed translucent gate.
 32898 | Elf:2    | Reached skill level 15 in Dodging
 32903 | Elf:2    | Reached skill level 21 in Axes
 32991 | Elf:2    | Received a gift from Okawaru
 33634 | Elf:2    | Reached XP level 19. HP: 167/181 MP: 27/27
 33836 | Elf:3    | Entered Level 3 of the Elven Halls
 33848 | Elf:3    | Found Antewol's Jewellery Shop.
 33973 | Elf:3    | Received a gift from Okawaru
 34163 | Elf:3    | Identified the +4 chain mail of the Sultana {rC+ MP+9
                  | Int+3} (Okawaru gifted it to you on level 3 of the Elven
                  | Halls)
 34163 | Elf:3    | Received a gift from Okawaru
 34474 | Elf:3    | Identified the +11 battleaxe "Orb Guardian's Curse" {flame,
                  | rPois rC++ Int-2 SInv}
 34539 | Elf:3    | Identified the +5 spear "Meusup" {speed, Will++ MP+9 Int-2}
 35023 | Elf:3    | Identified the +2 ring mail "Cuquthripn" {*Corrode rElec
                  | Will+++ Dex+2}
 35023 | Elf:3    | Found the +14 obsidian axe {vorpal, Mesm Drain Fly SInv}
 35029 | Elf:3    | Identified the amulet "Ynaddoepp" {Faith SInv}
 35051 | Elf:3    | Identified the +9 war axe of World Downfall {freeze, rElec
                  | rCorr Str-5 Int+2}
 35057 | Elf:3    | Identified the +2 arbalest "Pugy" {flame, rElec rF- Int+2
                  | Dex+5}
 35060 | Elf:3    | Identified the amulet "Sonaox" {Regen+ rCorr Int+5 Dex-3}
 35152 | Elf:3    | Reached skill level 22 in Axes
 35174 | Elf:3    | Found the +3 pair of seven-league boots {Rampage+∞}
 35771 | Spider:2 | Identified the +0 plate armour "Pyagepi" {rF++} (Okawaru
                  | gifted it to you on level 2 of the Spider Nest)
 35771 | Spider:2 | Received a gift from Okawaru
 35773 | Spider:2 | Noticed Arachne
 36055 | Spider:2 | Killed Arachne
 36057 | Spider:2 | Paralysed by a jorogumo for 2 turns
 37268 | Spider:3 | Reached XP level 20. HP: 192/193 MP: 29/29
 37890 | Spider:4 | Entered Level 4 of the Spider Nest
 38087 | Spider:4 | Identified the +2 dire flail "Widowmaker" {freeze, Will-
                  | rCorr Int+2 SInv}
 38363 | Spider:4 | Paralysed by a jorogumo for 2 turns
 39002 | Spider:4 | Noticed Agnes
 39496 | Spider:4 | Killed Agnes
 39496 | Spider:4 | Received a gift from Okawaru
 39689 | Spider:4 | Got a gossamer rune of Zot
 40400 | Vaults:1 | Entered Level 1 of the Vaults
 40822 | Vaults:1 | Found Susot's Magic Scroll Shop.
 40928 | Vaults:1 | Reached skill level 23 in Axes
 41015 | Vaults:1 | Identified the -3 kite shield of Okawaru's Vengeance {Str+4
                  | Stlth-} (Okawaru gifted it to you on level 1 of the Vaults)
 41015 | Vaults:1 | Received a gift from Okawaru
 41932 | Vaults:2 | Found a crumbling gateway.
 41936 | Desolati | Entered the Desolation of Salt
 42054 | Desolati | Got Igoyquwk's Handbook of Attacks
 42055 | Desolati | Identified the +6 scale mail of the Cicada {*Slow Str+6
                  | Dex+7}
 42170 | Desolati | Reached XP level 21. HP: 187/201 MP: 30/30
 42186 | Desolati | Identified the +6 swamp dragon scales of Calculation {rPois
                  | rN+ Dex+3}
 42189 | Desolati | Got Facrus's Papyrus of Spatial Heat
 42194 | Desolati | Identified the +4 mace of Varasasch {freeze, Dex+2}
 42196 | Desolati | Identified the +1 shortbow "Todaon" {vorpal, rF- rN+ rCorr}
 42274 | Desolati | Identified the ring "Porok" {Fly Str+5}
 42338 | Desolati | Got the Handbook of the Excruciating Rocks
 42389 | Desolati | Got the Papyrus of the Rocks and Air
 43203 | Vaults:2 | Found a staircase to the Crypt.
 43371 | Vaults:2 | Identified the +2 ring mail "Giugu" {+Blink rF- Regen+
                  | MP+9} (Okawaru gifted it to you on level 2 of the Vaults)
 43371 | Vaults:2 | Received a gift from Okawaru
 43949 | Vaults:3 | Noticed Bai Suzhen
 43978 | Vaults:3 | Killed Bai Suzhen
 44220 | Vaults:3 | Identified the +1 chain mail of the Minstrel {rCorr}
 44251 | Vaults:3 | You are sucked into a shaft and drop 1 floor!
 44350 | Vaults:3 | Reached skill level 24 in Axes
 45382 | Shoals:2 | Bought bloodstained gold dragon scales for 1870 gold pieces
 45382 | Shoals:2 | Identified the +7 gold dragon scales of Valiance {+Inv
                  | rPois rF+ rC+ Stlth+} (You bought it in a shop on level 2
                  | of the Shoals)
 46234 | Vaults:4 | Received a gift from Okawaru
 46335 | Vaults:4 | Reached XP level 22. HP: 198/217 MP: 32/32
 47335 | Depths:2 | Found a one-way gate leading to the halls of Pandemonium.
 47561 | Depths:2 | Identified the +3 ring mail of Devotion {rPois Dex+2}
                  | (Okawaru gifted it to you on level 2 of the Depths)
 47561 | Depths:2 | Received a gift from Okawaru
 47599 | Depths:2 | Noticed a juggernaut
 47612 | Depths:2 | Noticed a juggernaut
 47618 | Depths:2 | Found a transporter.
 47624 | Depths:2 | Found a bloodstained altar of Trog.
 47625 | Depths:2 | Found a transporter.
 47627 | Depths:2 | Noticed Halef's ghost (adept SpAK)
 47886 | Depths:2 | Noticed Asterion
 47906 | Depths:2 | Killed Asterion
 48395 | Depths:2 | Noticed the Enchantress
 48415 | Depths:2 | Killed the Enchantress
 48467 | Depths:2 | Got the Grimoire of the Excruciating Rocks
 48636 | Depths:2 | Killed a juggernaut
 48647 | Depths:2 | Killed a juggernaut
 48651 | Depths:2 | Killed Halef's ghost
 48902 | Depths:3 | Paralysed by an air elemental for 1 turns
 48926 | Depths:3 | Paralysed by an air elemental for 1 turns
 48937 | Depths:3 | Reached skill level 25 in Axes
 48952 | Depths:3 | Identified the +3 great sword of Kiuxuyss {drain, Str+2}
 48966 | Depths:3 | Paralysed by an air elemental for 1 turns
 49116 | Depths:3 | Received a gift from Okawaru
 49304 | Depths:3 | Paralysed by an air elemental for 1 turns
 49491 | Depths:3 | Got the Collected Works on Flight and Blows and Bruises
 49496 | Depths:3 | Identified the +11 dagger "Ninoamih" {holy, Dex+4}
 49569 | Depths:3 | Reached XP level 23. HP: 214/227 MP: 33/33
 49621 | Depths:3 | Found a one-way gateway to a ziggurat.
 50052 | Depths:4 | Entered Level 4 of the Depths
 50072 | Depths:4 | Received a gift from Okawaru
 50252 | Depths:4 | Noticed a caustic shrike
 50252 | Depths:4 | Noticed a caustic shrike
 50253 | Depths:4 | Found a stormy altar of Qazlal.
 50253 | Depths:4 | Noticed a caustic shrike
 50261 | Depths:4 | Killed a caustic shrike
 50268 | Depths:4 | Killed a caustic shrike
 50273 | Depths:4 | Killed a caustic shrike
 50413 | Depths:4 | Got Xirpheduw's Guide on Heat
 50554 | Depths:4 | Found a gate to the Realm of Zot.
 50890 | Depths:4 | Found a hazy altar of Hepliaklqana.
 50923 | Depths:4 | Received a gift from Okawaru
 51575 | Vaults:5 | Entered Level 5 of the Vaults
 52027 | Vaults:5 | Noticed a dread lich
 52042 | Vaults:5 | Killed a dread lich
 52194 | Vaults:5 | Received a gift from Okawaru
 52326 | Vaults:5 | Noticed an ancient lich
 52347 | Vaults:5 | Killed an ancient lich
 52359 | Vaults:5 | Reached XP level 24. HP: 194/238 MP: 33/33
 52420 | Vaults:5 | Reached skill level 26 in Axes
 52421 | Vaults:5 | Identified the +1 crystal plate armour "Tyczyf" {rC+ rN+
                  | Dex-2} (Okawaru gifted it to you on level 5 of the Vaults)
 52421 | Vaults:5 | Received a gift from Okawaru
 52588 | Vaults:5 | Identified the +6 dire flail "Killer Klown's Curse" {drain,
                  | Will+ Int+6}
 52598 | Vaults:5 | Learned a level 2 spell: Wereblood
 52641 | Vaults:5 | Identified the ring "Yfurineh" {Will+ Str+6}
 52784 | Vaults:5 | Identified the +5 ring mail "Voz Bimo" {rElec rC++ Regen+
                  | Dex-4}
 52785 | Vaults:5 | Identified the +9 hand crossbow "Ucupugio" {venom, rN+
                  | Will+ MP-9 Int+4 Dex+2}
 52849 | Vaults:5 | Identified the +1 shortbow "Ogrebane" {vorpal, Drain rF+
                  | rCorr}
 52976 | Vaults:5 | Identified the +4 great mace of Cess {vorpal, *Corrode
                  | Str+8 Dex+2}
 52995 | Vaults:5 | Found Huasafit's Armour Shoppe.
 53009 | Vaults:5 | Reached skill level 1 in Transmutations
 53025 | Vaults:5 | Reached skill level 1 in Spellcasting
 53103 | Vaults:5 | Identified the +3 leather armour of the Gusle {rN+}
 53103 | Vaults:5 | Identified the ring "Doovvyuc" {Wiz rN+++ Will- Str+2
                  | Dex+4}
 53148 | Vaults:5 | Identified the +4 plate armour of the Moon Troll {rElec rN+
                  | Str-4 SInv}
 53156 | Vaults:5 | Got a silver rune of Zot
 53568 | Slime:1  | Entered Level 1 of the Pits of Slime
 54140 | Vaults:1 | Bought a scroll of magic mapping for 63 gold pieces
 54140 | Vaults:1 | Bought a scroll of immolation for 63 gold pieces
 54140 | Vaults:1 | Bought a scroll of fog for 36 gold pieces
 54140 | Vaults:1 | Bought a scroll of magic mapping for 63 gold pieces
 54140 | Vaults:1 | Bought a scroll of enchant armour for 135 gold pieces
 54140 | Vaults:1 | Bought a scroll of teleportation for 54 gold pieces
 54140 | Vaults:1 | Bought a scroll of immolation for 63 gold pieces
 55474 | Slime:2  | Gained mutation: You are partially covered in iridescent
                  | scales. (AC +2) [a shining eye]
 55476 | Slime:2  | Gained mutation: Your magical capacity is low. (-10% MP) [a
                  | shining eye]
 56021 | Slime:3  | Found a shimmering altar of Xom.
 56551 | Slime:5  | Entered Level 5 of the Pits of Slime
 56640 | Slime:5  | Gained mutation: You are frail. (-10% HP) [a shining eye]
 56641 | Slime:5  | Gained mutation: You are weak. (Str -2) [a shining eye]
 56645 | Slime:5  | Gained mutation: You are clumsy. (Dex -2) [a shining eye]
 56664 | Slime:5  | Gained mutation: You sometimes lose the ability to read
                  | scrolls when taking damage. [a shining eye]
 56666 | Slime:5  | Gained mutation: You do not regenerate when monsters are
                  | visible. [a shining eye]
 56674 | Slime:5  | Gained mutation: You occasionally shout uncontrollably at
                  | your foes. [a shining eye]
 56675 | Slime:5  | Gained mutation: You tend to lose your temper in combat. [a
                  | shining eye]
 56676 | Slime:5  | Gained mutation: You frequently scream uncontrollably at
                  | your foes. [a shining eye]
 56745 | Slime:5  | Noticed the Royal Jelly
 56777 | Slime:4  | Lost mutation: You frequently scream uncontrollably at your
                  | foes. [potion of mutation]
 56777 | Slime:4  | Lost mutation: You are frail. (-10% HP) [potion of
                  | mutation]
 56777 | Slime:4  | Gained mutation: You are strong-willed. (Will+) [potion of
                  | mutation]
 56778 | Slime:4  | Lost mutation: You are weak. (Str -2) [potion of mutation]
 56778 | Slime:4  | Lost mutation: You are partially covered in iridescent
                  | scales. (AC +2) [potion of mutation]
 56778 | Slime:4  | Lost mutation: You do not regenerate when monsters are
                  | visible. [potion of mutation]
 56778 | Slime:4  | Gained mutation: You often lose your temper in combat.
                  | [potion of mutation]
 56779 | Slime:4  | Lost mutation: You are clumsy. (Dex -2) [potion of
                  | mutation]
 56779 | Slime:4  | Lost mutation: Your magical capacity is low. (-10% MP)
                  | [potion of mutation]
 56779 | Slime:4  | Gained mutation: You are partially covered in iridescent
                  | scales. (AC +2) [potion of mutation]
 56780 | Slime:4  | Lost mutation: You have large cloven feet. [potion of
                  | mutation]
 56780 | Slime:4  | Lost mutation: You often lose your temper in combat.
                  | [potion of mutation]
 56780 | Slime:4  | Lost mutation: You sometimes lose the ability to read
                  | scrolls when taking damage. [potion of mutation]
 56780 | Slime:4  | Gained mutation: A frigid envelope surrounds you and
                  | freezes all who hurt you. [potion of mutation]
 56780 | Slime:4  | Lost mutation: You tend to lose your temper in combat.
                  | [potion of mutation]
 56780 | Slime:4  | Gained mutation: Your mind is acute. (Int +2) [potion of
                  | mutation]
 56818 | Slime:5  | Killed the Royal Jelly
 57228 | Slime:5  | Received a gift from Okawaru
 57262 | Slime:5  | Found the amulet of Vitality {Regen+ HP+15}
 57283 | Slime:5  | Got a slimy rune of Zot
 57318 | Slime:5  | Identified the +9 great sword of Causality {vorpal, Dex+2}
 57351 | Slime:5  | Identified the ring of Peari {rCorr Str+7}
 57360 | Slime:5  | Identified the +7 executioner's axe "Marchena" {vorpal,
                  | Str+4 Int+4}
 57820 | Hell     | Entered the Vestibule of Hell
 57822 | Hell     | Noticed Geryon
 58233 | Depths:1 | Reached skill level 5 in Transmutations
 58248 | Depths:1 | HP: 12/240 [Tzitzimitl[a doom hound] (14)]
 58248 | Depths:1 | HP: 5/240 [Tzitzimitl[a doom hound] (7)]
 58698 | Hell     | Killed Geryon
 58708 | Hell     | Reached XP level 25. HP: 71/248 MP: 31/33
 59023 | Hell     | Found a gateway to the decaying netherworld of Tartarus.
 59076 | Hell     | Found a gateway to the ashen valley of Gehenna.
 59172 | Hell     | Found a gateway to the Iron City of Dis.
 59246 | Hell     | Found a gateway to the freezing wastes of Cocytus.
 59517 | Zig:1    | Entered Level 1 of a ziggurat
 59541 | Zig:2    | Entered Level 2 of a ziggurat
 59548 | Zig:2    | Reached skill level 5 in Spellcasting
 59606 | Zig:3    | Entered Level 3 of a ziggurat
 59631 | Zig:4    | Entered Level 4 of a ziggurat
 59712 | Zig:5    | Entered Level 5 of a ziggurat
 59745 | Zig:5    | Identified the +3 spear of Xabamy {distort, rF- rN+ SInv}
 59756 | Zig:6    | Entered Level 6 of a ziggurat
 59763 | Zig:6    | Found the +1 cloak of Starlight {*Dazzle EV+4 Stlth--}
 59778 | Zig:6    | Identified the +5 pair of gloves "Olaumawn" {Harm rF+ rC-
                  | Regen+} (Okawaru gifted it to you on level 6 of a ziggurat)
 59778 | Zig:6    | Received a gift from Okawaru
 59795 | Zig:6    | Got Sif Muna's Tome of Dark Cold
 59841 | Zig:7    | Entered Level 7 of a ziggurat
 59846 | Zig:7    | Noticed a royal mummy
 59846 | Zig:7    | Noticed a royal mummy
 59855 | Zig:7    | Killed a royal mummy
 59860 | Zig:7    | Killed a royal mummy
 59939 | Zig:8    | Entered Level 8 of a ziggurat
 60014 | Zig:8    | Identified the +1 chain mail of Undesirable Species {rF+
                  | Regen+ Str-3 Dex+3 SInv}
 60023 | Zig:8    | Identified the ring "Ileonaoc" {rN+ Will++}
 60140 | Zig:9    | Entered Level 9 of a ziggurat
 60182 | Zig:9    | Identified the +0 chain mail "Xyis" {Fly Dex+2}
 60196 | Zig:9    | Identified the +1 leather armour of the Orcish Mines {rCorr
                  | MP-9 Dex+2 Stlth+}
 60200 | Zig:10   | Entered Level 10 of a ziggurat
 60238 | Zig:10   | Got Advanced Steps in Secret Knowledge
 60253 | Zig:11   | Entered Level 11 of a ziggurat
 60262 | Zig:11   | Noticed Kammadir the pandemonium lord
 60262 | Zig:11   | Found the +4 moon troll leather armour {Spirit, Regen++
                  | MP+5}
 60262 | Zig:11   | Noticed a Killer Klown
 60263 | Zig:11   | Noticed Jaqiar the pandemonium lord
 60263 | Zig:11   | Noticed a Killer Klown
 60263 | Zig:11   | Noticed a Killer Klown
 60263 | Zig:11   | Noticed Pell the pandemonium lord
 60274 | Zig:11   | Killed a Killer Klown
 60276 | Zig:11   | Killed Kammadir the pandemonium lord
 60281 | Zig:11   | Killed a Killer Klown
 60282 | Zig:11   | Killed Jaqiar the pandemonium lord
 60291 | Zig:11   | Killed a Killer Klown
 60301 | Zig:11   | Killed Pell the pandemonium lord
 60301 | Zig:11   | Received a gift from Okawaru
 60321 | Zig:11   | Got Sif Muna's Almanac of the Blaze and Envenoming
 60329 | Zig:11   | Identified the amulet of Japtipha {Harm Fly Regen+ Str-5}
 60338 | Zig:11   | Identified the +8 scythe "Molato" {venom, rPois Str+4}
 60349 | Zig:12   | Entered Level 12 of a ziggurat
 60415 | Zig:12   | Identified the ring of Waggadac {Fly rC+ Str+4}
 60420 | Zig:12   | Identified the +5 scale mail of Incorporation {Will++
                  | Slay-6 SInv}
 60530 | Zig:13   | Entered Level 13 of a ziggurat
 60566 | Zig:13   | Gained mutation: You are frail. (-10% HP) [a shining eye]
 60574 | Zig:13   | Gained mutation: You tend to lose your temper in combat. [a
                  | shining eye]
 60603 | Zig:13   | Reached XP level 26. HP: 232/232 MP: 33/33
 60616 | Zig:14   | Entered Level 14 of a ziggurat
 60624 | Zig:14   | Noticed sleeves's ghost (legendary HuEE)
 60624 | Zig:14   | Noticed BoringLoser's ghost (veteran TeAE)
 60625 | Zig:14   | Noticed Giojuova's ghost (legendary GnBe)
 60627 | Zig:14   | Noticed badtown22's ghost (master DgIE)
 60627 | Zig:14   | Noticed Motirgh's ghost (legendary DgWz)
 60631 | Zig:14   | Noticed Denobboc's ghost (legendary OpMo)
 60638 | Zig:14   | Noticed Denobboc's ghost (legendary OpMo)
 60644 | Zig:14   | Killed BoringLoser's ghost
 60658 | Zig:14   | Killed badtown22's ghost
 60660 | Zig:14   | Killed Denobboc's ghost
 60662 | Zig:14   | Killed sleeves's ghost
 60671 | Zig:14   | Killed Motirgh's ghost
 60674 | Zig:15   | Entered Level 15 of a ziggurat
 60725 | Zig:15   | Reached skill level 27 in Axes
 60727 | Zig:15   | Identified the +5 robe of Okawaru's Regard {rElec rPois rF-
                  | rN+++} (Okawaru gifted it to you on level 15 of a ziggurat)
 60727 | Zig:15   | Received a gift from Okawaru
 60736 | Zig:15   | Reached XP level 27. HP: 134/239 MP: 33/33
 60843 | Zig:15   | Identified the amulet of Intercession {RegenMP rF+ Int+7}
 60853 | Zig:15   | Identified the +7 gold dragon scales "Pafuq" {rPois rF+ rC+
                  | Regen+ Int+2 Dex+4}
 60885 | Zig:16   | Entered Level 16 of a ziggurat
 60895 | Zig:16   | Found the +10 tower shield of Ignorance {rN+ Int-4}
 60979 | Zig:16   | Lost mutation: A frigid envelope surrounds you and freezes
                  | all who hurt you. [potion of mutation]
 60979 | Zig:16   | Lost mutation: You are partially covered in iridescent
                  | scales. (AC +2) [potion of mutation]
 60979 | Zig:16   | Lost mutation: You have a pair of large horns on your head.
                  | [potion of mutation]
 60979 | Zig:16   | Gained mutation: You are clumsy. (Dex -2) [potion of
                  | mutation]
 60980 | Zig:16   | Lost mutation: You are frail. (-10% HP) [potion of
                  | mutation]
 60980 | Zig:16   | Lost mutation: You occasionally shout uncontrollably at
                  | your foes. [potion of mutation]
 60980 | Zig:16   | Lost mutation: You are clumsy. (Dex -2) [potion of
                  | mutation]
 60980 | Zig:16   | Gained mutation: You occasionally shout uncontrollably at
                  | your foes. [potion of mutation]
 60980 | Zig:16   | Gained mutation: Your body sometimes deteriorates upon
                  | taking damage. [potion of mutation]
 60980 | Zig:16   | Gained mutation: You expend magic power (3 MP) to
                  | strengthen your wands. [potion of mutation]
 60980 | Zig:16   | Gained mutation: You have hidden genetic potential. [potion
                  | of mutation]
 60981 | Zig:16   | Lost mutation: You have hidden genetic potential. [potion
                  | of mutation]
 60981 | Zig:16   | Lost mutation: You expend magic power (3 MP) to strengthen
                  | your wands. [potion of mutation]
 60981 | Zig:16   | Gained mutation: Your system is resistant to poisons.
                  | (rPois) [potion of mutation]
 60981 | Zig:16   | Gained mutation: You are partially covered in large bone
                  | plates. (SH +4) [potion of mutation]
 60982 | Zig:16   | Lost mutation: You occasionally shout uncontrollably at
                  | your foes. [potion of mutation]
 60982 | Zig:16   | Lost mutation: Your body sometimes deteriorates upon taking
                  | damage. [potion of mutation]
 60982 | Zig:16   | Gained mutation: Your mind is very acute. (Int +4) [potion
                  | of mutation]
 60983 | Zig:16   | Lost mutation: Your system is resistant to poisons. (rPois)
                  | [potion of mutation]
 60983 | Zig:16   | Lost mutation: You are partially covered in large bone
                  | plates. (SH +4) [potion of mutation]
 60983 | Zig:16   | Gained mutation: Your body sometimes deteriorates upon
                  | taking damage. [potion of mutation]
 60983 | Zig:16   | Gained mutation: You expend magic power (3 MP) to
                  | strengthen your wands. [potion of mutation]
 60984 | Zig:16   | Lost mutation: Your body sometimes deteriorates upon taking
                  | damage. [potion of mutation]
 60984 | Zig:16   | Lost mutation: You tend to lose your temper in combat.
                  | [potion of mutation]
 60984 | Zig:16   | Lost mutation: Your mind is very acute. (Int +4) [potion of
                  | mutation]
 60984 | Zig:16   | Gained mutation: You have sharp toenails. [potion of
                  | mutation]
 60985 | Zig:16   | Lost mutation: You are strong-willed. (Will+) [potion of
                  | mutation]
 60985 | Zig:16   | Lost mutation: You have sharp toenails. [potion of
                  | mutation]
 60985 | Zig:16   | Gained mutation: You have a pair of large horns on your
                  | head. [potion of mutation]
 60985 | Zig:16   | Gained mutation: You are weak. (Str -2) [potion of
                  | mutation]
 60985 | Zig:16   | Gained mutation: You have sharp toenails. [potion of
                  | mutation]
 60986 | Zig:16   | Lost mutation: Your mind is acute. (Int +2) [potion of
                  | mutation]
 60986 | Zig:16   | Lost mutation: You have a pair of large horns on your head.
                  | [potion of mutation]
 60986 | Zig:16   | Lost mutation: You expend magic power (3 MP) to strengthen
                  | your wands. [potion of mutation]
 60986 | Zig:16   | Gained mutation: You are robust. (+10% HP) [potion of
                  | mutation]
 60986 | Zig:16   | Lost mutation: You are robust. (+10% HP) [potion of
                  | mutation]
 60986 | Zig:16   | Gained mutation: Your movements are slightly less
                  | encumbered by armour. (ER -2) [potion of mutation]
 60986 | Zig:16   | Gained mutation: You are partially covered in large bone
                  | plates. (SH +4) [potion of mutation]
 60987 | Zig:16   | Lost mutation: You are weak. (Str -2) [potion of mutation]
 60987 | Zig:16   | Lost mutation: You are partially covered in large bone
                  | plates. (SH +4) [potion of mutation]
 60987 | Zig:16   | Lost mutation: You have sharp toenails. [potion of
                  | mutation]
 60987 | Zig:16   | Gained mutation: You are partially covered in iridescent
                  | scales. (AC +2) [potion of mutation]
 60987 | Zig:16   | Gained mutation: Your flesh is cold resistant. (rC+)
                  | [potion of mutation]
 60987 | Zig:16   | Gained mutation: You passively map a small area around you.
                  | [potion of mutation]
 61008 | Zig:16   | Reached skill level 10 in Transmutations
 61013 | Zig:16   | Lost mutation: You passively map a small area around you.
                  | [potion of mutation]
 61013 | Zig:16   | Lost mutation: Your flesh is cold resistant. (rC+) [potion
                  | of mutation]
 61013 | Zig:16   | Lost mutation: Your movements are slightly less encumbered
                  | by armour. (ER -2) [potion of mutation]
 61013 | Zig:16   | Gained mutation: Your movements are slightly less
                  | encumbered by armour. (ER -2) [potion of mutation]
 61013 | Zig:16   | Gained mutation: Your body sometimes deteriorates upon
                  | taking damage. [potion of mutation]
 61013 | Zig:16   | Gained mutation: Your mind is acute. (Int +2) [potion of
                  | mutation]
 61014 | Zig:16   | Lost mutation: You are partially covered in iridescent
                  | scales. (AC +2) [potion of mutation]
 61014 | Zig:16   | Lost mutation: Your movements are slightly less encumbered
                  | by armour. (ER -2) [potion of mutation]
 61014 | Zig:16   | Gained mutation: Your skin changes colour to match your
                  | surroundings (Stealth+). [potion of mutation]
 61014 | Zig:16   | Gained mutation: Your movements are slightly less
                  | encumbered by armour. (ER -2) [potion of mutation]
 61014 | Zig:16   | Gained mutation: You are weak. (Str -2) [potion of
                  | mutation]
 61014 | Zig:16   | Gained mutation: You are partially covered in iridescent
                  | scales. (AC +2) [potion of mutation]
 61015 | Zig:16   | Lost mutation: You are partially covered in iridescent
                  | scales. (AC +2) [potion of mutation]
 61015 | Zig:16   | Lost mutation: You are weak. (Str -2) [potion of mutation]
 61015 | Zig:16   | Gained mutation: Your flesh is heat resistant. (rF+)
                  | [potion of mutation]
 61016 | Zig:16   | Lost mutation: Your mind is acute. (Int +2) [potion of
                  | mutation]
 61016 | Zig:16   | Lost mutation: Your skin changes colour to match your
                  | surroundings (Stealth+). [potion of mutation]
 61016 | Zig:16   | Gained mutation: Your muscles are strong. (Str +2) [potion
                  | of mutation]
 61017 | Zig:16   | Lost mutation: Your flesh is heat resistant. (rF+) [potion
                  | of mutation]
 61017 | Zig:16   | Lost mutation: Your movements are slightly less encumbered
                  | by armour. (ER -2) [potion of mutation]
 61017 | Zig:16   | Lost mutation: Your body sometimes deteriorates upon taking
                  | damage. [potion of mutation]
 61017 | Zig:16   | Gained mutation: You have a somewhat thin skeletal
                  | structure. (Dex +2, Stealth+) [potion of mutation]
 61017 | Zig:16   | Gained mutation: Your mind is acute. (Int +2) [potion of
                  | mutation]
 61017 | Zig:16   | Gained mutation: Your system is resistant to poisons.
                  | (rPois) [potion of mutation]
 61023 | Zig:17   | Entered Level 17 of a ziggurat
 61032 | Zig:17   | Noticed a royal mummy
 61033 | Zig:17   | Noticed a royal mummy
 61033 | Zig:17   | Noticed a royal mummy
 61034 | Zig:17   | Noticed a royal mummy
 61036 | Zig:17   | Killed a royal mummy
 61037 | Zig:17   | Noticed a royal mummy
 61040 | Arena    | Entered the Arena
 61065 | Zig:17   | Killed a royal mummy
 61065 | Zig:17   | Killed a royal mummy
 61065 | Zig:17   | Killed a royal mummy
 61065 | Zig:17   | Killed a royal mummy
 61068 | Zig:17   | Noticed a royal mummy
 61069 | Zig:17   | Noticed a royal mummy
 61075 | Arena    | Entered the Arena
 61082 | Arena    | Killed a royal mummy
 61104 | Zig:17   | Killed a royal mummy
 61104 | Zig:17   | HP: 5/268 [something (28)]
 61598 | Zig:17   | Identified the +0 plate armour of Purpose {rCorr Str+4
                  | Stlth+}
 61618 | Zig:17   | Identified the +3 flail of Fioconuce {elec, Dex+4}
 61960 | Crypt:1  | Entered Level 1 of the Crypt
 62205 | Crypt:1  | Learned a level 6 spell: Statue Form
 62494 | Crypt:2  | Reached skill level 1 in Earth Magic
 63191 | Crypt:3  | Entered Level 3 of the Crypt
 63208 | Crypt:3  | Found a staircase to the Tomb.
 64031 | Crypt:3  | Received a gift from Okawaru
 64532 | Zot:1    | Entered Level 1 of the Realm of Zot
 64558 | Arena    | Entered the Arena
 64591 | Zot:1    | HP: 2/269 [tentacled monstrosity (19)]
 64592 | Arena    | Entered the Arena
 64819 | Zot:1    | Identified the +12 glaive "Qeanlil" {vorpal, rElec rC+
                  | Dex+2}
 64936 | Zot:1    | Reached skill level 10 in Spellcasting
 65275 | Zot:2    | Reached skill level 5 in Earth Magic
 66438 | Zot:3    | Noticed an orb of fire
 66438 | Zot:3    | Gained mutation: You tend to lose your temper in combat.
                  | [an orb of fire]
 66446 | Zot:3    | Killed an orb of fire
 66647 | Zot:3    | You are sucked into a shaft and drop 1 floor!
 66674 | Zot:3    | Identified the +4 mace of Vaczakku {elec, rN+ MP+9 Dex+2}
 68115 | Zot:5    | Entered Level 5 of the Realm of Zot
 68155 | Zot:5    | Reached skill level 15 in Shields
 68462 | Zot:5    | Identified the +6 plate armour of the Countless Mouths
                  | {Int+6} (Okawaru gifted it to you on level 5 of the Realm
                  | of Zot)
 68462 | Zot:5    | Received a gift from Okawaru
 68505 | Zot:5    | Noticed a dread lich
 68508 | Zot:5    | Noticed an orb of fire
 68527 | Zot:5    | Killed an orb of fire
 68532 | Zot:5    | Killed a dread lich
 68586 | Zot:5    | Noticed an orb of fire
 68587 | Zot:5    | Gained mutation: You are occasionally teleported next to
                  | monsters. [an orb of fire]
 68593 | Zot:5    | Gained mutation: You sometimes lose the ability to read
                  | scrolls when taking damage. [an orb of fire]
 68595 | Zot:5    | Killed an orb of fire
 68598 | Zot:5    | Noticed an orb of fire
 68601 | Zot:5    | Noticed a dread lich
 68609 | Zot:5    | Killed an orb of fire
 68612 | Zot:5    | Noticed an orb of fire
 68630 | Zot:5    | Killed a dread lich
 68638 | Zot:5    | Killed an orb of fire
 68652 | Zot:5    | Noticed an ancient lich
 68662 | Zot:5    | Killed an ancient lich
 68714 | Zot:5    | Noticed an orb of fire
 68723 | Zot:5    | Gained mutation: You are frail. (-10% HP) [an orb of fire]
 68724 | Zot:5    | Noticed an orb of fire
 68729 | Zot:5    | Gained mutation: Your body sometimes deteriorates upon
                  | taking damage. [an orb of fire]
 68732 | Zot:5    | Killed an orb of fire
 68732 | Zot:5    | Noticed an orb of fire
 68734 | Zot:5    | Noticed an orb of fire
 68740 | Zot:5    | Gained mutation: Your spells are a little easier to cast,
                  | but a little less powerful. [an orb of fire]
 68740 | Zot:5    | Noticed an ancient lich
 68742 | Zot:5    | Killed an orb of fire
 68745 | Zot:5    | Gained mutation: You occasionally shout uncontrollably at
                  | your foes. [an orb of fire]
 68749 | Zot:5    | Lost mutation: Your muscles are strong. (Str +2) [an orb of
                  | fire]
 68751 | Zot:5    | Killed an orb of fire
 68752 | Zot:5    | Received a gift from Okawaru
 68756 | Zot:5    | Gained mutation: Potions are less effective at restoring
                  | your health. [an orb of fire]
 68757 | Zot:5    | Killed an orb of fire
 68767 | Zot:5    | Killed an ancient lich
 69435 | Geh:1    | Entered Level 1 of Gehenna
 69496 | Geh:1    | Lost mutation: Your body sometimes deteriorates upon taking
                  | damage. [potion of mutation]
 69496 | Geh:1    | Lost mutation: You are frail. (-10% HP) [potion of
                  | mutation]
 69496 | Geh:1    | Gained mutation: You frequently scream uncontrollably at
                  | your foes. [potion of mutation]
 69496 | Geh:1    | Gained mutation: You are partially covered in iridescent
                  | scales. (AC +2) [potion of mutation]
 69497 | Geh:1    | Lost mutation: Potions are less effective at restoring your
                  | health. [potion of mutation]
 69497 | Geh:1    | Lost mutation: You frequently scream uncontrollably at your
                  | foes. [potion of mutation]
 69497 | Geh:1    | Gained mutation: You are mostly covered in iridescent
                  | scales. (AC +4) [potion of mutation]
 69498 | Geh:1    | Lost mutation: You sometimes lose the ability to read
                  | scrolls when taking damage. [potion of mutation]
 69498 | Geh:1    | Lost mutation: You are occasionally teleported next to
                  | monsters. [potion of mutation]
 69498 | Geh:1    | Gained mutation: Your movements are slightly less
                  | encumbered by armour. (ER -2) [potion of mutation]
 69498 | Geh:1    | Lost mutation: You occasionally shout uncontrollably at
                  | your foes. [potion of mutation]
 69498 | Geh:1    | Lost mutation: You are mostly covered in iridescent scales.
                  | (AC +4) [potion of mutation]
 69499 | Geh:1    | Lost mutation: Your system is resistant to poisons. (rPois)
                  | [potion of mutation]
 69499 | Geh:1    | Lost mutation: You are partially covered in iridescent
                  | scales. (AC +2) [potion of mutation]
 69499 | Geh:1    | Lost mutation: Your spells are a little easier to cast, but
                  | a little less powerful. [potion of mutation]
 69499 | Geh:1    | Gained mutation: You expend magic power (3 MP) to
                  | strengthen your wands. [potion of mutation]
 69500 | Geh:1    | Lost mutation: You expend magic power (3 MP) to strengthen
                  | your wands. [potion of mutation]
 69500 | Geh:1    | Lost mutation: Your mind is acute. (Int +2) [potion of
                  | mutation]
 69500 | Geh:1    | Lost mutation: Your movements are slightly less encumbered
                  | by armour. (ER -2) [potion of mutation]
 69500 | Geh:1    | Gained mutation: Your spells are a little easier to cast,
                  | but a little less powerful. [potion of mutation]
 69500 | Geh:1    | Gained mutation: You often lose your temper in combat.
                  | [potion of mutation]
 69500 | Geh:1    | Gained mutation: Your muscles are strong. (Str +2) [potion
                  | of mutation]
 69501 | Geh:1    | Lost mutation: You have a somewhat thin skeletal structure.
                  | (Dex +2, Stealth+) [potion of mutation]
 69501 | Geh:1    | Lost mutation: Your spells are a little easier to cast, but
                  | a little less powerful. [potion of mutation]
 69501 | Geh:1    | Gained mutation: You are partially covered in large bone
                  | plates. (SH +4) [potion of mutation]
 70161 | Geh:4    | You are sucked into a shaft and drop 1 floor!
 70177 | Geh:5    | Identified the +7 gold dragon scales of Saacruo {rPois rF+
                  | rC+ rN+} (Okawaru gifted it to you on level 5 of Gehenna)
 70177 | Geh:5    | Received a gift from Okawaru
 70481 | Geh:6    | Noticed a juggernaut
 70498 | Geh:6    | Killed a juggernaut
 70502 | Geh:6    | HP: 2/235 [titan (32)]
 70979 | Geh:6    | HP: 6/172 [iron giant/harpoon shot (10)]
 70980 | Arena    | Entered the Arena
 70981 | Arena    | Slain by a fire giant

Illustrated notes

Levels and vault maps discovered:
D:1:      dpeg_arrival_ratfight, layout_basic, serial_shops,
          nicolae_shop_behind_doors
D:2:      cheibrodos_helix_gallery, layout_loops_ring, serial_shops, shop
D:3:      layout_loops_corners, serial_shops, shop, shop, moated_statue,
          kennysheep_doodads, minmay_misc_feat_cross, skrybe_limestone_x,
          st_stairs_3
D:4:      layout_loops_ring, amcnicky_altar_gilded, minmay_temple_entry_poolview
D:5:      layout_loops_ring, guppyfry_early_orc_mine, uniq_eustachio,
          uniq_edmund, uniq_blork_the_orc
D:6:      layout_rooms, kennysheep_generic_room_9
D:7:      layout_cave_pools, grunt_ministairs_2
D:8:      layout_loops_cross, david_lair_generic, uniq_psyche, uniq_maggie
D:9:      layout_basic
D:10:     layout_basic, minmay_crystal_water, uniq_gastronok
D:11:     layout_cave_pools
D:12:     layout_loops_ring, david_orc_2, serial_shops, nicolae_shop_waterfront,
          uniq_fannar
D:13:     layout_basic, hex_tiny
D:14:     layout_gridville, grunt_vaults_entry_fortified, special_room
          [special_room_orc], minmay_door_square
D:15:     grunt_enter_depths_giant_problem, layout_gridville,
          nicolae_lava_and_water
Temple:   mainiacjoe_temple_circle_huts
Lair:1:   layout_long_grid, grunt_forest_large_clearings, lemuel_fruit_fields
Lair:2:   dragon1_lemuel, layout_cave_pods, infiniplex_staircase_pool,
          serial_bayou_shore_a, uniq_nergalle, uniq_harold, uniq_erica
Lair:3:   layout_gridlike, hellmonk_spider_entry_life_and_decay, basic_altar,
          portal_ice_cave_entry_pillars_1, serial_bayou_shore_b,
          grunt_megastairs_3
Lair:4:   layout_layer_cave, elwin_shoals_entry_stream
Lair:5:   layout_roguey, minmay_slime_entry_jelly_boxes, grunt_megastairs_2,
          serial_bayou_shore_b
Lair:6:   minmay_lair_end_frog_pond, layout_long_grid,
          infiniplex_staircase_pool_2
Shoals:1: layout_shoals, nicolae_shoals_water_shrine
Shoals:2: layout_shoals, serial_shops, nicolae_shop_waterfront
Shoals:3: layout_shoals
Shoals:4: shoals_end_grunt_ice, layout_shoals, gammafunk_ghost_berserking_beasts
Spider:1: layout_chambers
Spider:2: layout_cave_pods, nicolae_orb_stairs, uniq_arachne
Spider:3: layout_chambers, nicolae_spider_shape
Spider:4: grunt_spider_rune_island, uniq_agnes
Slime:1:  layout_caves
Slime:2:  nicolae_slime_jelly_donut, layout_caves,
          cheibrodos_slime_lost_civilization_4
Slime:3:  layout_caves, basic_altar
Slime:4:  layout_caves, cheibrodos_slime_lost_civilization_5
Slime:5
Orc:1:    layout_caves, serial_shops, shop, basic_altar, roderic_batcave
Orc:2:    st_orc_ogre_mass, layout_diamond_mine, serial_shops,
          nicolae_shop_stone
Elf:1:    layout_geoelf_octagon, serial_shops, shop, minmay_elf_necromancy,
          amcnicky_altar_lugonu_corruption, minmay_shoptagon, uniq_donald
Elf:2:    elven_hall_of_blades_hangedman_alternative [nicolae_blade_lattice],
          layout_loops_corners, special_room [special_room_mythical_zoo],
          grunt_ministairs_2, elves_outpost_lemuel
Elf:3:    minmay_elf_hall_hex, layout_geoelf_octagon, serial_shops,
          nicolae_shop_trees, serial_sigils_hangedman_scratch
Vaults:1: v_rooms_4, nicolae_vaults_border_crossing, nicolae_vaults_network_s,
          nicolae_vaults_angled_halls, v_rooms_5, v_misc_19,
          dpeg_vaults_monster_box, vaults_dpeg_spiral,
          ontoclasm_vaults_ring_square, vaults_dpeg_ring,
          layout_vaults_big_room, serial_shops, nicolae_shop_hallway_stairs
Vaults:2: portal_desolation_entry_nicolae_forbidding_blocks,
          blue_anna_dwarven_crypt, hangedman_vaults_impose, serial_ice_h,
          v_alt_pattern_6, st_lattice, hangedman_vaults_stitches,
          layout_vaults_quadrants
Vaults:3: hangedman_vaults_hat, grunt_vaults_diagonal,
          nicolae_vaults_shelves_hall, v_misc_32, v_rooms_1,
          nicolae_vaults_circle_grid_a, v_misc_17, v_pattern_5,
          ontoclasm_vaults_gateway, vaults_room_fours, nicolae_vaults_little_ls,
          layout_vaults_omnibox, uniq_bai_suzhen
Vaults:4: v_alt_pattern_3, v_misc_8, vaults_room_door_ring, v_misc_30,
          v_pattern_3, hangedman_vaults_river_flow,
          nicolae_vaults_windows_and_doors_thing, hangedman_vaults_unwind,
          grunt_vaults_swirl, nicolae_vaults_little_squares_4,
          layout_vaults_big_cross
Vaults:5: serial_shops
Crypt:1:  layout_rooms, item_on_display_a
Crypt:2:  layout_regular_city, serial_sigils_hangedman_gut
Crypt:3:  due_elkab, layout_chaotic_city
Depths:1: layout_basic, pf_hell_entry_great_geh, elyvilon_altar_4,
          kennysheep_generic_room_16
Depths:2: grunt_forest_end_winery, layout_cave_pools,
          gammafunk_ghost_wrathful_warriors, hell_entry, abyss_entry, pan_entry,
          hangedman_corner_corridor, uniq_asterion, uniq_enchantress
Depths:3: radiant_caverns_a_rkd, hell_entry, pan_entry, abyss_entry
Depths:4: evilmike_zot_entry_argh, layout_cave_pools,
          nzn_hepliaklqana_mist_gate, hellmouth_1, argonaut_fire_from_heaven
Hell
Geh:1:    layout_gehenna_pools_triple
Geh:2:    layout_gehenna_pools_box
Geh:3:    hangedman_generic_boss_arena
Geh:4:    layout_gehenna_pools_box, nicolae_geh_lava_shack
Geh:5:    layout_gehenna_pools_box
Geh:6:    nicolae_hells_titanomachy
Zot:1:    layout_misc_corridors
Zot:2:    lemuel_draconian_sentries, layout_gridlike
Zot:3:    layout_cellular_growth, hangedman_snake_sidewinding
Zot:4:    layout_twisted_circle, st_stairs_3
Zot:5:    layout_basic, st_stairs_13, guppyfry_library_mini
Arena

Skill      XL: |  1  2  3  4  5  6  7  8  9 10 11 12 13 14 15 16 17 18 19 20 21 22 23 24 25 26 27 |
---------------+----------------------------------------------------------------------------------+-----
Fighting       | 4 5 6 7 8 9 10 11 12 13 14 16 17 18 20 21 22 23 24 25 26 | 26.9
Polearms       | 4 |  4.1
Stealth        | 2 |  2.1
Maces & Flails | 1 2 |  2.6
Armour         | 1 2 3 4 5 7 8 9 10 12 13 14 15 16 17 18 20 22 23 24 25 | 25.6
Dodging        | 4 5 6 7 8 9 10 11 12 13 14 15 16 17 18 19 20 22 | 22.4
Axes           | 3 5 7 9 11 13 14 16 17 18 19 20 21 22 23 24 25 26 27 | 27.0
Invocations    | 2 4 5 6 8 9 10 11 12 13 14 | 14.9
Shields        | 3 7 8 10 11 12 13 16 | 16.0
Evocations     | 3 6 7 8 9 |  9.5
Transmutations | 5 8 9 14 | 14.0
Spellcasting   | 4 7 11 | 11.9
Earth Magic    | 9 |  9.3

Action                   |  1- 3 |  4- 6 |  7- 9 | 10-12 | 13-15 | 16-18 | 19-21 | 22-24 | 25-27 || total
-------------------------+-------+-------+-------+-------+-------+-------+-------+-------+-------++-------
Melee: Spear             |    79 |       |       |       |       |       |       |       |       ||    79
       Headbutt          |    13 |    26 |    77 |   140 |   209 |   522 |   427 |   508 |   577 ||  2499
       Whip              |    26 |    85 |       |       |       |       |       |       |       ||   111
       Punch             |     3 |     1 |    12 |    20 |     2 |       |       |       |       ||    38
       Hand axe          |       |    47 |   339 |    65 |    23 |   982 |    42 |       |       ||  1498
       Broad axe         |       |       |       |   460 |   761 |   661 |  1423 |  1554 |  1815 ||  6674
       Morningstar       |       |       |       |     3 |       |       |       |       |       ||     3
 Cast: Wereblood         |       |       |       |       |       |       |       |       |    11 ||    11
Invok: Heroism           |       |       |     4 |     9 |     3 |    11 |    15 |    22 |    20 ||    84
       Finesse           |       |       |       |     2 |     2 |     4 |     7 |    10 |    21 ||    46
       Duel              |       |       |       |       |       |       |       |       |     5 ||     5
Evoke: Wand              |       |       |       |    14 |       |       |       |     5 |    15 ||    34
       Lightning rod     |       |       |       |       |       |       |     2 |       |       ||     2
       Condenser vane    |       |       |       |       |       |       |     1 |     3 |       ||     4
  Use: Potion            |       |       |     1 |     1 |       |     5 |    10 |    21 |    70 ||   108
       Scroll            |       |       |       |    19 |    13 |    11 |    18 |     6 |    10 ||    77
 Stab: Sleeping          |     6 |     2 |     2 |     3 |     7 |     3 |     3 |       |       ||    26
       Distracted        |     1 |       |       |     1 |       |     1 |       |     3 |     1 ||     7
       Paralysed         |       |       |       |     8 |       |       |       |       |       ||     8
       Confused          |       |       |       |       |       |       |     5 |       |     5 ||    10
       Invisible         |       |       |       |       |       |       |       |    26 |    78 ||   104
Armor: Robe              |     8 |       |       |       |       |       |       |       |       ||     8
       Ring mail         |     4 |    24 |    88 |     2 |       |       |       |       |       ||   118
       Steam dragon scal |       |       |       |    38 |       |       |       |       |       ||    38
       Quicksilver drago |       |       |       |   159 |   210 |   382 |   396 |       |       ||  1147
       Gold dragon scale |       |       |       |       |       |       |    42 |   713 |   601 ||  1356
Dodge: Dodged            |    35 |    68 |   241 |   505 |   560 |   879 |   902 |   723 |  1238 ||  5151
Block: Buckler           |       |       |       |       |   144 |       |       |       |       ||   144
       Kite shield       |       |       |       |       |    23 |  1068 |  1077 |  1111 |  1278 ||  4557

Table legend: (Time is in decaauts)
 A = Elapsed time spent in this place.
 B = Non-inter-level travel time spent in this place.
 C = Inter-level travel time spent in this place.
 D = Time resting spent in this place.
 E = Time spent auto-exploring this place.
 F = Levels seen in this place.
 G = Mean time per level.
                   A        B        C        D        E       F      G
               +--------+--------+--------+--------+--------+-----+--------+
         Total |  69129 |  60702 |   8427 |   5951 |  38393 |  88 |  785.6 |
       Dungeon |  16696 |  13235 |   3461 |   1057 |   9100 |  15 | 1113.1 |
        Temple |    356 |    306 |     50 |      0 |    284 |   1 |  356.0 |
          Lair |   6790 |   5209 |   1581 |     79 |   4121 |   6 | 1131.7 |
        Shoals |   4848 |   4554 |    294 |    429 |   3110 |   4 | 1212.0 |
   Spider Nest |   5919 |   5721 |    198 |   1165 |   3310 |   4 | 1479.8 |
    Slime Pits |   2809 |   2667 |    142 |    403 |   1428 |   5 |  561.8 |
  Orcish Mines |   1495 |   1169 |    326 |      0 |    934 |   2 |  747.5 |
   Elven Halls |   4141 |   3828 |    313 |    116 |   2403 |   3 | 1380.3 |
        Vaults |   7616 |   6596 |   1020 |    127 |   4783 |   5 | 1523.2 |
         Crypt |   2240 |   2160 |     80 |      0 |   1540 |   3 |  746.7 |
        Depths |   6502 |   5794 |    708 |    791 |   3257 |   4 | 1625.5 |
          Hell |    476 |    457 |     19 |      0 |    256 |   1 |  476.0 |
       Gehenna |   1536 |   1522 |     14 |    429 |    460 |   6 |  256.0 |
           Zot |   4562 |   4346 |    216 |    447 |   2632 |   5 |  912.4 |
      Ziggurat |   1845 |   1845 |      0 |    876 |      0 |  17 |  108.5 |
      Ice Cave |    469 |    469 |      0 |      0 |    319 |   1 |  469.0 |
    Desolation |    737 |    737 |      0 |      0 |    454 |   1 |  737.0 |
         Arena |     83 |     83 |      0 |     30 |      0 |   5 |   16.6 |
               +--------+--------+--------+--------+--------+-----+--------+

Top non-repeatable levels by time:
Depths:1: 2326 daAuts
Spider:3: 2107 daAuts
   Elf:2: 1781 daAuts
Shoals:4: 1703 daAuts
    D:15: 1652 daAuts
Vaults:1: 1635 daAuts
    D:10: 1631 daAuts
Vaults:2: 1586 daAuts
Vaults:5: 1560 daAuts
    D:14: 1501 daAuts
Spider:4: 1484 daAuts
Depths:3: 1477 daAuts
Spider:1: 1475 daAuts
  Lair:4: 1466 daAuts
     D:8: 1460 daAuts
